 Dungeon Crawl Stone Soup version 0.29.1 (webtiles) character file.

Game seed: 13530017847320174046

97 mtoz the Shield-Bearer (level 4, -1/40 HPs)
             Began as a Minotaur Fighter on Sept 14, 2022.
             Frozen to death by an endoplasm (4 damage)
             ... on level 3 of the Dungeon.
             The game lasted 00:06:38 (2658 turns).

mtoz the Shield-Bearer (Minotaur Fighter)           Turns: 2658, Time: 00:06:39

Health: -1/40      AC:  7    Str: 22    XL:     4   Next: 42%
Magic:  3/3        EV:  9    Int:  5    God:
Gold:   90         SH:  9    Dex: 10    Spells: 3/3 levels left

rFire   . . .      SeeInvis .   a - +0 war axe
rCold   . . .      Faith    .   c - +0 buckler
rNeg    . . .      Spirit   .   b - +0 scale mail
rPois   .          Reflect  +   (helmet restricted)
rElec   .          Harm     .   (no cloak)
rCorr   .          Rampage  .   (no gloves)
Will    .....                   (no boots)
Stlth   ..........              n - amulet of reflection
HPRegen 0.13/turn               (no ring)
MPRegen 0.08/turn               (no ring)

@: no status effects
A: horns 2, retaliatory headbutt
a: no special abilities


You were on level 3 of the Dungeon.
You visited 1 branch of the dungeon, and saw 4 of its levels.

You collected 90 gold pieces.

Inventory:

Hand Weapons
 a - a +0 war axe (weapon)
 q - a +0 flail
Armour
 b - a +0 scale mail (worn)
 c - a +0 buckler (worn)
 r - a +0 chain mail
Jewellery
 n - an amulet of reflection (around neck)
Scrolls
 e - 3 scrolls of teleportation {unknown}
 h - a scroll of vulnerability {unknown}
 k - a scroll of brand weapon {unknown}
 l - 2 scrolls of noise {unknown}
 m - a scroll of identify {unknown}
Potions
 d - a potion of might
 f - a potion of heal wounds {unknown}
 g - a potion of mutation {unknown}
 i - a potion of resistance {unknown}
 j - 3 potions of degeneration {unknown}
 o - a potion of haste {unknown}


   Skills:
 * Level 4.3 Fighting
 * Level 3.2 Axes
 * Level 4.3 Armour
 + Level 1.2 Dodging
 * Level 4.5 Shields


You had 3 spell levels left.
You didn't know any spells.
Your spell library contained the following spells:

 Spells                   Type           Power      Damage    Failure   Level
 Stone Arrow              Conj/Erth      0%         3d7       99%         3
 Animate Armour           Summ/Erth      0%         N/A       100%        4
 Lehudib's Crystal Spear  Conj/Erth      0%         10d2      100%        8


Dungeon Overview and Level Annotations

Branches:
Dungeon (4/15)
 Temple: D:4-7

Altars:


Innate Abilities, Weirdness & Mutations

You have a pair of horns on your head.
You reflexively headbutt those who attack you in melee.


Message History

You climb downwards.
The endoplasm quivers.
The ball python hisses angrily.
There is a stone staircase leading up here.
An ogre comes into view. It is wielding a +0 giant club.
The ogre shouts!
The ogre moves out of view.
You hit the ball python.
The ball python is moderately wounded.
The ball python closely misses you. You furiously retaliate!
You headbutt the ball python. The ball python grabs you.
The ball python constricts you. You block the ball python's attack.
The ball python constricts you.
You slash the ball python!
You kill the ball python!
You slash the ogre!
The ogre is heavily wounded.
You block the ogre's attack.
An orc comes into view. It is wielding a +0 war axe.
The endoplasm hits you but does no damage.
The ogre hits you with a +0 giant club!!
Ouch! That really hurt!
The endoplasm hits you but does no damage.
There is a stone staircase leading up here.
The ogre hits you with a +0 giant club!
* * * LOW HITPOINT WARNING * * *
The endoplasm hits you but does no damage.
You climb upwards.
There is a stone staircase leading down here.
The endoplasm hits you.
* * * LOW HITPOINT WARNING * * *
Okay, then.
The endoplasm attacks as you move away! You block the endoplasm's attack.
The endoplasm attacks as you move away! The endoplasm hits you.
* * * LOW HITPOINT WARNING * * *
The endoplasm attacks as you move away!
The endoplasm hits you but does no damage.
The endoplasm freezes you.
You are frozen.
You die...

#....##### ####...#### #.##.
####.# #.........# #.##. #(#
#.........# #.##. ##+##
#.......>.# #.##. ##...##
####...#### #.### # ##.....##
##...# #.### # ##.......##
##....## #.##.
####....(....####JO....######....
...'.........'..@................
####...(.....####........####....
# ##.......## #........# #.##. #
##.....#######.....#.# #.#.. #
##........# #....##.# #.#.# #
#..#####.# #.......# #.#.# #
#..#####.# ###.##### #.#.. #
#..#.....#####.# #.... #
#..#...........# ###.#


You could see an ogre and an endoplasm.

Vanquished Creatures
  Terence (D:3)
  An adder (D:2)
  A worm (D:3)
  2 orcs (D:3)
  3 endoplasms
  3 giant cockroaches
  5 goblins
  6 hobgoblins
  6 kobolds
  2 quokkas (D:2)
  6 ball pythons
  9 bats
  6 frilled lizards
  4 rats
55 creatures vanquished.

Notes
Turn   | Place    | Note
-------+----------+-------------------------------------------
     0 | D:1      | mtoz the Minotaur Fighter began the quest for the Orb.
     0 | D:1      | Reached XP level 1. HP: 19/19 MP: 0/0
   149 | D:1      | Reached XP level 2. HP: 23/27 MP: 1/1
   238 | D:1      | Found a faded altar of an unknown god.
  1189 | D:2      | Reached skill level 1 in Dodging
  1189 | D:2      | Reached XP level 3. HP: 28/33 MP: 2/2
  1791 | D:3      | Noticed Terence
  1798 | D:3      | Killed Terence
  1799 | D:3      | Reached XP level 4. HP: 30/40 MP: 3/3
  2643 | D:4      | Noticed an ogre
  2658 | D:3      | Frozen to death by an endoplasm

Illustrated notes

Levels and vault maps discovered:
D:1:      dpeg_arrival_rooms_with_view, layout_basic,
          shapermc_ecumenical_altar_mp_highgroup, minivault_19, minivault_11
D:2:      layout_rooms
D:3:      layout_loops_corners, uniq_terence
D:4:      layout_cave_pools, mainiacjoe_overflow_catwalk_spiral,
          mainiacjoe_overflow_cross_hatched, minivault_1,
          uniq_crazy_yiuf_cottage

Skill      XL: |  1  2  3 |
---------------+----------+-----
Shields        | 4 |  4.5
Dodging        | 1 |  1.2
Fighting       | 4 |  4.3
Armour         | 4 |  4.3
Axes           | 3 |  3.2

Action                   |  1- 3 |  4- 6 || total
-------------------------+-------+-------++-------
Melee: War axe           |    95 |    23 ||   118
       Headbutt          |    15 |     2 ||    17
Armor: Scale mail        |    45 |     9 ||    54
Dodge: Dodged            |    35 |     6 ||    41
Block: Buckler           |    17 |     9 ||    26
